 Dungeon Crawl Stone Soup version 0.30.0-29-ga12c61a403 (webtiles) character file.

Game seed: 14526677867935192941

22008 Cheops the Covert (level 12, 0/95 HPs)
             Began as an Armataur Earth Elementalist on June 21, 2023.
             Was a Believer of Uskayaw.
             Slain by a komodo dragon (24 damage)
             ... on level 12 of the Dungeon on June 22, 2023.
             The game lasted 01:34:59 (16508 turns).

Cheops the Covert (Armataur Earth Elementalist)    Turns: 16508, Time: 01:35:00

Health: 0/95       AC: 14    Str: 14    XL:     12   Next: 59%
Magic:  4/19       EV: 13    Int: 22    God:    Uskayaw [**....]
Gold:   534        SH:  5    Dex: 12    Spells: 2/21 levels left

rFire   . . .        a - +2 dagger (venom)
rCold   . . .        R - +0 buckler
rNeg    . . .        Y - +1 robe of Punkaid {Will- Int+3 Slay+2 Stlth+}
rPois   .            z - +1 helmet
rElec   .            s - +1 cloak
rCorr   .            (no gloves)
SInv    .            u - +1 barding
Will    .....        g - amulet of magic regeneration
Stlth   ++++++       m - +5 ring of evasion
HPRegen 0.35/turn    F - +4 ring of slaying
MPRegen 0.56/turn

%: roll
@: very slightly contaminated
A: large, rugged brown scales 3, deformed body, armoured tail, roll, long
tongue, awkward tongue
a: Renounce Religion, Stomp, Line Pass


You were on level 12 of the Dungeon.
You worshipped Uskayaw.
Uskayaw was noncommittal.
You visited 2 branches of the dungeon, and saw 13 of its levels.
You also visited: Ossuary.

You collected 960 gold pieces.
You spent 426 gold pieces at shops.

Inventory:

Hand Weapons
 a - a +2 dagger of venom (weapon)
 k - a +2 dagger of electrocution
 M - a +4 rapier of speed
Armour
 s - a +1 cloak (worn)
 t - a +0 robe of positive energy
 u - a +1 barding (worn)
 z - a +1 helmet (worn)
 A - the +0 robe of the King of the Hill {rPois Str-3 Int+2 SInv}
   (You bought it in a shop on level 11 of the Dungeon)

   Str:       It affects your strength (-3).
   Int:       It affects your intelligence (+2).
   rPois:     It protects you from poison.
   SInv:      It lets you see invisible.
 N - a +1 leather armour of fire resistance
 P - a +0 leather armour of cold resistance
 Q - +0 steam dragon scales
 R - a +0 buckler (worn)
 U - a +0 troll leather armour
 Y - the +1 robe of Punkaid (worn) {Will- Int+3 Slay+2 Stlth+}
   (You found it on level 12 of the Dungeon)

   Int:       It affects your intelligence (+3).
   Slay:      It affects your accuracy & damage with ranged weapons and melee
   (+2).
   Will:      It decreases your willpower.
   Stlth:     It makes you more stealthy.
Magical Staves
 b - a staff of conjuration {!a}
Jewellery
 g - an amulet of magic regeneration (around neck)
 m - a +5 ring of evasion (left hand)
 n - a +6 ring of dexterity
 q - a ring of protection from cold
 F - a +4 ring of slaying (right hand)
 W - a ring of see invisible
 X - a ring of protection from cold
 Z - a ring of flight
Wands
 v - a wand of roots (16)
 D - a wand of mindburst (18)
 E - a wand of flame (35)
 G - a wand of light (4)
 S - a wand of charming (3)
Scrolls
 d - 5 scrolls of teleportation
 f - 3 scrolls of enchant armour {unknown}
 i - 2 scrolls of amnesia {unknown}
 C - 2 scrolls of fear
 H - a scroll of fog
 J - a scroll of brand weapon
 K - a scroll of torment {unknown}
 L - 3 scrolls of enchant weapon {unknown}
 O - 2 scrolls of poison
 V - 2 scrolls of magic mapping {unknown}
Potions
 c - 2 potions of invisibility
 e - 5 potions of lignification
 h - 3 potions of might
 j - 2 potions of heal wounds
 l - 2 potions of curing
 o - 3 potions of berserk rage {unknown}
 p - a potion of mutation
 r - 4 potions of flight
 w - 4 potions of attraction
 x - 9 potions of ambrosia
 y - a potion of magic
 B - 3 potions of haste
 I - a potion of brilliance


   Skills:
 - Level 3.0 Fighting
 + Level 9.1 Short Blades
 - Level 3.0 Dodging
 - Level 12.6 Stealth
 - Level 4.0 Shields
 - Level 5.0 Spellcasting
 - Level 7.0 Conjurations
 * Level 4.1 Translocations
 - Level 5.0 Transmutations
 - Level 8.0 Earth Magic
 - Level 2.3 Invocations


You had 2 spell levels left.
You knew the following spells:

 Your Spells              Type           Power      Damage    Failure   Level
a - Sandblast             Erth           80%        2d17      1%          1
b - Stone Arrow           Conj/Erth      76%        3d11      1%          3
d - Lee's Rapid Deconstr  Erth           20%        3d12*     14%         5
p - Petrify               Tmut/Erth      34%        N/A       9%          4
B - Iskenderun's Mystic   Conj/Tloc      30%        2d8       14%         4
P - Passwall              Tmut/Erth      28%        N/A       1%          2

Your spell library contained the following spells:

 Spells                   Type           Power      Damage    Failure   Level
 Foxfire                  Conj/Fire      80%        2x1d8     3%          1
 Volatile Blastmotes      Fire/Tloc      28%        2d12      17%         3
 Passage of Golubria      Tloc           23%        N/A       24%         4
 Fulminant Prism          Conj/Hex       10%        3d9       30%         4
 Summon Guardian Golem    Hex/Summ       5%         N/A       36%         3
 Tukima's Dance           Hex            5%         N/A       36%         3
 Borgnjor's Vile Clutch   Necr/Erth      11%        N/A       56%         5
 Fireball                 Conj/Fire      10%        3d6       65%         5
 Alistair's Intoxication  Tmut/Pois      10%        N/A       78%         5
 Yara's Violent Unravell  Hex/Tmut       8%         3d5       78%         5
 Starburst                Conj/Fire      10%        6d5       99%         6
 Orb of Destruction       Conj           18%        9d8       99%         7
 Eringya's Noxious Bog    Tmut/Pois      8%         N/A       100%        6
 Plasma Beam              Fire/Air       2%         2x1d14    100%        6
 Spellforged Servitor     Conj/Summ      10%        N/A       100%        7


Dungeon Overview and Level Annotations

Branches:
Dungeon (12/15)            Temple (1/1) D:4            Lair (0/5) D:8
    Orc (0/2) D:10        Ossuary (visited)

Altars:
Ashenzari
Cheibriados
Dithmenos
Elyvilon
Fedhas
Gozag
Hepliaklqana
Kikubaaqudgha
Makhleb
Nemelex Xobeh
Okawaru
Qazlal
Ru
Sif Muna
Trog
Uskayaw
Vehumet
Wu Jian
Xom
Yredelemnul
Zin
The Shining One

Shops:
D:11 !([(*

Annotations:
D:2 1 runed translucent door, Crazy Yiuf
D:4 exclusion: orc warrior
D:8 2 transporters


Innate Abilities, Weirdness & Mutations

You are completely covered in rugged brown scales. (AC +3, +7% HP)
Armour fits poorly on your strangely shaped body.
You have a long armoured tail.
You roll when moving toward enemies. (Rampage)
Your long tongue fully drains potion bottles. (2x potion effects)
Your tongue gives you trouble enunciating. (1.5x scroll delay)


Message History

Press: ? - help, Shift-Dir - straight line, f/p - komodo dragon
Aim: a komodo dragon (moderately wounded, 84% to hit)
You feel a surge of power!
The stone arrow hits the komodo dragon!
The komodo dragon is severely wounded.
The komodo dragon bites you but does no damage.
You can now pass through a line of other dancers.
Okay, then.
Your +2 dagger of venom begins to drip with poison!
a - a +2 dagger of venom (weapon)
Casting: Stone Arrow (safe; 1% risk of failure)
Confirm with . or Enter, or press ? or * to list all spells.
Aiming: Sandblast (safe; 1% risk of failure)
Press: ? - help, Shift-Dir - straight line, f/p - komodo dragon
Aim: a komodo dragon (severely wounded, 89% to hit)
The blast of sand hits the komodo dragon.
The komodo dragon is severely wounded.
The komodo dragon completely misses you.
The komodo dragon closely misses you.
Unknown command.
Press: ? - help, v - describe, . - travel
Here: a komodo dragon (severely wounded)
The floor.
Unknown command.
Aiming: Mindburst
Press: ? - help, Shift-Dir - straight line, f/p - komodo dragon
Aim: a komodo dragon (severely wounded, chance to affect: 47%)
The komodo dragon resists with some effort.
You block the komodo dragon's attack.
You are too injured to fight recklessly!
Aiming: Mindburst
Press: ? - help, Shift-Dir - straight line, f/p - komodo dragon
Aim: a komodo dragon (severely wounded, chance to affect: 47%)
The komodo dragon's mind is blasted!
The komodo dragon bites you!!
* * * LOW HITPOINT WARNING * * *
Aiming: Mindburst
Press: ? - help, Shift-Dir - straight line, f/p - komodo dragon
Aim: a komodo dragon (almost dead, chance to affect: 47%)
The komodo dragon resists with some effort.
The komodo dragon bites you!!
You die...

######..#.8.).8.#
#..##.....##
#######..####.###
#.....)..#.#..#
#......#.#.#.##
.'......#.#.#.#######
##......#.#.#.......#
########.#.#######.#
#....l@.#.....)...#
#.#################


You could see a komodo dragon.

Vanquished Creatures
  A two-headed ogre (D:8)
  A boulder beetle (D:12)
  3 skeletal warriors (D:12)
  Lodul (D:11)
  2 deep elf pyromancers (D:9)
  A cyclops (D:9)
  An ugly thing (D:12)
  2 manticores (D:11)
  Maurice (D:12)
  Joseph (D:7)
  2 gargoyles
  2 kobold demonologists (D:11)
  A komodo dragon (D:8)
  Maggie (D:7)
  6 trolls
  A queen bee (D:11)
  Grinder (D:3)
  Sigmund (D:2)
  Eustachio (D:6)
  12 yaks
  4 wraiths
  Grum (D:9)
  5 steam dragons
  Menkaure (D:6)
  Edmund (D:4)
  An acid dragon (D:8)
  Duvessa (D:6)
  2 water moccasins
  9 orc warriors
  A sky beast (D:6)
  A swamp drake (D:10)
  2 ice beasts
  2 black bears
  9 ogres
  6 centaurs
  2 wolves (D:9)
  2 phantoms
  4 kobold brigands
  A gnoll sergeant (D:7)
  9 bullfrogs
  4 scorpions
  15 wights
  Dowan (D:6)
  42 killer bees
  7 electric eels
  A howler monkey (D:7)
  A jelly (D:7)
  7 orc priests
  2 gnoll boudas
  6 hounds
  2 iguanas
  2 sleepcaps
  15 orc wizards
  Robin (D:3)
  8 gnolls
  4 adders
  3 white imps
  A worm (D:4)
  2 dart slugs (D:1)
  47 orcs
  8 ball pythons
  5 endoplasms
  4 giant cockroaches
  10 goblins
  9 hobgoblins
  16 jackals
  2 quokkas
  2 ball python skeletons (Ossuary)
  4 bats
  A frilled lizard (D:1)
  2 hobgoblin skeletons (Ossuary)
  A hobgoblin zombie (Ossuary)
  15 kobolds
  2 kobold zombies (Ossuary)
  An orc skeleton (Ossuary)
  An orc zombie (Ossuary)
  3 rats
363 creatures vanquished.

Vanquished Creatures (others)
  An orc wizard (D:9)
1 creature vanquished.

Grand Total: 364 creatures vanquished

Notes
Turn   | Place    | Note
-------+----------+-------------------------------------------
     0 | D:1      | Cheops the Armataur Earth Elementalist began the quest for
                  | the Orb.
     0 | D:1      | Reached XP level 1. HP: 14/14 MP: 3/3
   151 | D:1      | Reached XP level 2. HP: 5/21 MP: 0/5
   627 | D:1      | Reached XP level 3. HP: 23/27 MP: 4/6
   630 | D:1      | Learned a level 2 spell: Passwall
   634 | D:1      | Learned a level 3 spell: Stone Arrow
  1237 | D:2      | Found a runed translucent door.
  1238 | D:2      | Noticed Crazy Yiuf
  1309 | D:2      | Noticed Sigmund
  1540 | D:2      | Reached skill level 3 in Stealth
  2071 | D:2      | Killed Sigmund
  2072 | D:2      | Reached skill level 4 in Stealth
  2072 | D:2      | Reached skill level 5 in Earth Magic
  2072 | D:2      | Reached XP level 4. HP: 22/35 MP: 5/7
  2072 | D:2      | Reached XP level 5. HP: 25/40 MP: 5/8
  2597 | D:3      | Noticed Robin
  2607 | D:3      | Killed Robin
  2684 | D:3      | Found a radiant altar of Vehumet.
  2778 | D:3      | Reached skill level 5 in Stealth
  2805 | D:3      | Reached XP level 6. HP: 48/48 MP: 9/9
  2890 | D:3      | Found an iron altar of Okawaru.
  2898 | D:3      | Found a shadowy altar of Dithmenos.
  2903 | D:3      | Found a bloodstained altar of Trog.
  2910 | D:3      | Found a glowing golden altar of the Shining One.
  2916 | D:3      | Found a shimmering blue altar of Sif Muna.
  2923 | D:3      | Found a shimmering altar of Xom.
  2929 | D:3      | Found a hazy altar of Hepliaklqana.
  2969 | D:3      | Noticed Grinder
  2979 | D:3      | Killed Grinder
  2980 | D:3      | Reached skill level 6 in Stealth
  3172 | D:4      | Noticed an orc warrior
  3216 | D:4      | Found a basalt altar of Yredelemnul.
  3233 | D:3      | Reached skill level 7 in Stealth
  3233 | D:3      | Reached skill level 1 in Conjurations
  3233 | D:3      | Reached XP level 7. HP: 10/53 MP: 8/10
  3442 | D:4      | Found a staircase to the Ecumenical Temple.
  3452 | Temple   | Entered the Ecumenical Temple
  3457 | Temple   | Became a worshipper of Uskayaw the Reveller
  3498 | D:4      | Reached * piety under Uskayaw
  3501 | D:4      | Reached ** piety under Uskayaw
  3711 | D:4      | Reached skill level 1 in Invocations
  3716 | D:4      | Reached *** piety under Uskayaw
  3720 | D:4      | Reached **** piety under Uskayaw
  3980 | D:4      | Noticed Edmund
  4056 | D:4      | Killed Edmund
  4459 | D:3      | Reached XP level 8. HP: 45/56 MP: 9/11
  4659 | D:4      | Found a basalt altar of Yredelemnul.
  4694 | D:4      | Found a staircase to the Ecumenical Temple.
  5171 | D:5      | Entered Level 5 of the Dungeon
  5188 | D:5      | Reached skill level 8 in Stealth
  5302 | D:5      | Found a sand-covered staircase.
  5305 | Ossuary  | Entered an ossuary
  5394 | Ossuary  | Noticed a flying skull
  5405 | Ossuary  | Noticed a flying skull
  5407 | Ossuary  | Noticed a flying skull
  5427 | Ossuary  | Noticed a flying skull
  5494 | Ossuary  | Reached skill level 9 in Stealth
  5494 | Ossuary  | Reached skill level 5 in Conjurations
  6020 | D:5      | Reached skill level 1 in Fighting
  6020 | D:5      | Reached skill level 1 in Short Blades
  6230 | D:5      | Reached XP level 9. HP: 62/71 MP: 2/12
  6415 | D:5      | Reached skill level 10 in Stealth
  6469 | D:5      | Learned a level 4 spell: Petrify
  7262 | D:6      | Noticed Duvessa
  7262 | D:6      | Noticed Dowan
  7660 | D:6      | Reached skill level 1 in Transmutations
  7705 | D:6      | Killed Dowan
  7811 | D:6      | Killed Duvessa
  7850 | D:6      | Noticed Menkaure
  7862 | D:6      | Killed Menkaure
  7875 | D:6      | Noticed Eustachio
  7905 | D:6      | Killed Eustachio
  8574 | D:7      | Reached skill level 11 in Stealth
  8599 | D:7      | Found a blossoming altar of Fedhas.
  8620 | D:7      | Reached skill level 5 in Transmutations
  8623 | D:7      | Reached ***** piety under Uskayaw
  8628 | D:7      | Reached ****** piety under Uskayaw
  8659 | D:7      | Reached XP level 10. HP: 70/82 MP: 5/14
  8853 | D:7      | Noticed Maggie
  8859 | D:7      | Killed Maggie
  8956 | D:7      | Noticed Joseph
  8975 | D:7      | Killed Joseph
  9741 | D:7      | Learned a level 5 spell: Lee's Rapid Deconstruction
 10093 | D:8      | Found a staircase to the Lair.
 10154 | D:8      | Found a transporter.
 10161 | D:8      | Found a transporter.
 10219 | D:8      | Reached skill level 12 in Stealth
 10494 | D:8      | Noticed a two-headed ogre
 10501 | D:8      | Killed a two-headed ogre
 10502 | D:8      | Reached skill level 5 in Short Blades
 10717 | D:9      | Reached XP level 11. HP: 87/87 MP: 15/15
 10764 | D:9      | Noticed a deep elf pyromancer
 11407 | D:9      | Paralysed by a hornet for 2 turns
 11661 | D:9      | Noticed Grum
 11868 | D:9      | Noticed a deep elf pyromancer
 11916 | D:9      | Killed a deep elf pyromancer
 12209 | D:9      | Killed a deep elf pyromancer
 12302 | D:9      | Killed Grum
 12354 | D:9      | Found a snail-covered altar of Cheibriados.
 12427 | D:9      | Reached skill level 1 in Shields
 12692 | D:9      | Identified a scroll of acquirement
 12697 | D:9      | Acquired a staff of conjuration
 12750 | D:10     | Entered Level 10 of the Dungeon
 13102 | D:10     | Found an opulent altar of Gozag.
 13624 | D:10     | Found a staircase to the Orcish Mines.
 13981 | D:11     | Found Dotishael's Weapon Shop.
 13982 | D:11     | Noticed Lodul
 14170 | D:11     | Found Sucrih's Antique Armour Shop.
 14197 | D:11     | Killed Lodul
 14198 | D:11     | Reached XP level 12. HP: 48/95 MP: 2/18
 14584 | D:11     | Found Bohoduav's Antique Weapon Shoppe.
 14772 | D:11     | Bought a faintly humming robe for 228 gold pieces
 14772 | D:11     | Identified the +0 robe of the King of the Hill {rPois Str-3
                  | Int+2 SInv} (You bought it in a shop on level 11 of the
                  | Dungeon)
 14826 | D:11     | Found Fezen's Distillery.
 14862 | D:11     | Bought a potion of flight for 54 gold pieces
 14862 | D:11     | Bought a potion of heal wounds for 90 gold pieces
 14862 | D:11     | Bought a potion of lignification for 54 gold pieces
 14941 | D:11     | Reached skill level 5 in Spellcasting
 15393 | D:11     | Found Ecimaneu's General Store.
 15720 | D:12     | Noticed a boulder beetle
 15759 | D:12     | Learned a level 4 spell: Iskenderun's Mystic Blast
 15823 | D:12     | Found an opulent altar of Gozag.
 15854 | D:12     | Killed a boulder beetle
 15994 | D:12     | Noticed Maurice
 16073 | D:12     | Killed Maurice
 16101 | D:12     | Identified the +1 robe of Punkaid {Will- Int+3 Slay+2
                  | Stlth+}
 16508 | D:12     | Slain by a komodo dragon

Illustrated notes

Levels and vault maps discovered:
D:1:      dpeg_arrival_three_bigger_balls, layout_basic, dreamdust_wishing_well,
          hangedman_decor_clover_reticule
D:2:      layout_basic, serial_rivers, chequers_serial_rivers_small_b,
          chequers_serial_rivers_micro_b, chequers_serial_rivers_micro_c,
          chequers_serial_rivers_room_b, uniq_sigmund, uniq_crazy_yiuf_cottage
D:3:      layout_rooms, mainiacjoe_overflow_tiny_flanked,
          grunt_temple_overflow_octagram, uniq_robin, uniq_grinder
D:4:      layout_basic, mainiacjoe_overflow_chevrons, minmay_temple_entry_mist,
          hangedman_feature_mirror, uniq_edmund
D:5:      layout_basic, lightli_ossuary_entry_decrepit_ruins
D:6:      layout_cave_pools, chequers_serial_rivers_room_a, uniq_duvessa,
          uniq_eustachio, uniq_menkaure
D:7:      layout_basic, fedhas_altar_2, dreamdust_princess_bridge, uniq_maggie,
          uniq_joseph
D:8:      gammafunk_wand_slinger, layout_loops_cross, david_lair_shrubbed
D:9:      cheibrodos_fzero, layout_irregular_city, kennysheep_mini_moat,
          uniq_grum
D:10:     layout_roguey, amcnicky_altar_gilded, erik_orc_1, fountainhead,
          minivault_14, minmay_door_square
D:11:     layout_basic, serial_shops, nicolae_shop_tiny_waterfront,
          nicolae_shop_waterfront, shop, shop, shop, minivault_7, uniq_lodul
D:12:     layout_basic, chequers_garden, grunt_gozag_statues, uniq_maurice
Temple:   hellmonk_temple_micro_hex

Skill      XL: |  1  2  3  4  5  6  7  8  9 10 11 12 |
---------------+-------------------------------------+-----
Spellcasting   | 2 3 4 5 |  5.0
Earth Magic    | 3 5 7 8 |  8.0
Stealth        | 4 5 7 9 11 12 | 12.6
Conjurations   | 1 3 5 7 |  7.0
Invocations    | 2 |  2.3
Fighting       | 1 3 |  3.0
Short Blades   | 1 3 5 7 9 |  9.1
Transmutations | 5 |  5.0
Shields        | 4 |  4.0
Dodging        | 3 |  3.0
Translocations | 4 |  4.1

Action                     |  1- 3 |  4- 6 |  7- 9 | 10-12 || total
---------------------------+-------+-------+-------+-------++-------
  Melee: Unarmed           |    29 |       |       |       ||    29
         Tailslap          |     5 |     2 |     5 |    17 ||    29
         Punch             |     1 |       |     1 |       ||     2
         Dagger            |     3 |    20 |    33 |   110 ||   166
         Staff             |       |       |       |     2 ||     2
   Cast: Sandblast         |    51 |    63 |   148 |    86 ||   348
         Stone Arrow       |       |       |    85 |   245 ||   330
         Passwall          |       |       |     7 |    16 ||    23
         Lee's Rapid Decon |       |       |       |    25 ||    25
         Petrify           |       |       |       |     4 ||     4
         Iskenderun's Myst |       |       |       |     4 ||     4
  Evoke: Wand              |       |       |     5 |     4 ||     9
    Use: Scroll            |       |       |     7 |    10 ||    17
         Potion            |       |       |       |     1 ||     1
   Stab: Sleeping          |       |     1 |     1 |     7 ||     9
         Paralysed         |       |       |     5 |    12 ||    17
         Petrified         |       |       |       |     3 ||     3
 Armour: Robe              |    18 |    14 |    57 |    62 ||   151
         Steam dragon scal |       |       |       |    70 ||    70
  Dodge: Dodged            |    29 |    53 |   122 |   191 ||   395
  Block: Buckler           |       |       |       |    29 ||    29
